 Dungeon Crawl Stone Soup version 0.19-a0-14-gde87d98 (webtiles) character file.

119 Karasique the Bolt Thrower (level 4, 0/39 HPs)
             Began as a Draconian Wanderer on Apr 29, 2016.
             Slain by an adder (1 damage)
             ... on level 3 of the Dungeon.
             The game lasted 00:10:02 (3012 turns).

Karasique the Bolt Thrower (Draconian Wanderer)     Turns: 3012, Time: 00:10:02

Health: 0/39       AC:  6    Str: 18    XL:     4   Next: 73%
Magic:  4/4        EV: 11    Int: 12    God:
Gold:   161        SH:  0    Dex:  8    Spells: 2 memorised, 0 levels left

rFire  . . .     SeeInvis .     f - -2 club (curse)
rCold  . . .     Gourm    .     (armour unavailable)
rNeg   . . .     Faith    .     (no shield)
rPois  .         Spirit   .     (helmet restricted)
rElec  .         Dismiss  .     (no cloak)
rCorr  .         Reflect  .     (no gloves)
SustAt .         Harm     +     h - +0 pair of boots
MR     .....                    o - amulet of harm
Stlth  +.........               (no ring)
                                (no ring)

@: starving, not resistant to hostile enchantments, very unstealthy
A: unfitting armour, cold-blooded, AC +5
a: no special abilities


You were on level 3 of the Dungeon.
You were starving.

You visited 1 branch of the dungeon, and saw 3 of its levels.

You collected 161 gold pieces.

Inventory:

Hand Weapons
 a - a +3 hand crossbow
 f - a cursed -2 club (weapon)
 k - a +1 dagger of holy wrath
Missiles
 b - 48 bolts
Armour
 h - a +0 pair of boots (worn)
Jewellery
 j - an uncursed amulet of guardian spirit
 o - an amulet of harm (around neck)
Scrolls
 q - a scroll of magic mapping
Potions
 c - a potion of curing
 i - a potion of magic {unknown}
 m - a potion of ambrosia {unknown}
 p - a potion of heal wounds
Books
 l - a book of Battle

   Spells                             Type                      Level
   a - Infusion                       Charms                       1
   b - Shroud of Golubria             Charms/Translocation         2
   c - Song of Slaying                Charms                       2
   d - Spectral Weapon                Hexes/Charms                 3
   e - Regeneration                   Charms/Necromancy            3
Comestibles
 d - a bread ration


   Skills:
 + Level 3.6 Fighting
   Level 2.0 Axes
 - Level 4.3 Crossbows
 + Level 1.1 Dodging
 - Level 1.0 Stealth
 + Level 1.4 Charms
   Level 1.0 Evocations


You couldn't memorise any spells.
You knew the following spells:

 Your Spells              Type           Power        Failure   Level  Hunger
a - Infusion              Chrm           #...         21%         1    ##.....
b - Song of Slaying       Chrm           #.......     34%         2    ###....


Dungeon Overview and Level Annotations

Branches:
Dungeon (3/15)

Altars:
The Shining One

Annotations:
D:2 Terence


Innate Abilities, Weirdness & Mutations

Your plain brown scales are hard (AC +5).
Your body does not fit into most forms of armour.
You are cold-blooded and may be slowed by cold attacks.


Message History

You miss the adder.
The adder is heavily wounded.
The adder bites you.
You are more poisoned.
The adder poisons you! The adder bites you.
You hit the adder but do no damage.
Your tail-slap misses the adder.
The adder is heavily wounded.
You feel sick. The adder closely misses you.
You completely miss the adder.
The adder is heavily wounded.
You feel sick. The adder bites you. The adder bites you but does no damage.
Drink which item? (? for menu, Esc to quit)
You feel better. The adder misses you.
You barely miss the adder.
Your tail-slap misses the adder.
The adder is heavily wounded.
The adder bites you. The adder misses you.
You closely miss the adder.
The adder is heavily wounded.
The adder bites you. x2
You die...

........# #......#
......... #......#
..#.#.#. #......#
....... #......#
#.#'## #?.....# ####
#..... #......# #....
#..... #.....S# #....
#..[.. #....@#
#....###..... #.....#
#.........##.
#.....####.........##[
#..................##.
#..................##.
#..................###
#.....#####....##### #
#........##....#######
######...##....#......


You could see an adder.

Vanquished Creatures
  Ijyb (D:2)
  2 adders
  2 oozes
  A worm (D:3)
  2 dart slugs
  2 orcs (D:3)
  3 ball pythons (D:2)
  5 giant cockroaches
  6 goblins
  9 hobgoblins
  2 jackals (D:1)
  8 kobolds
  A quokka (D:2)
  7 bats
  4 giant newts
  4 rats
59 creatures vanquished.

Notes
Turn   | Place    | Note
--------------------------------------------------------------
     0 | D:1      | Karasique the Draconian Wanderer began the quest for the Orb.
     0 | D:1      | Karasique set off with: a +2 hand crossbow, 27 bolts, 2 potions of curing, a bread ration
     0 | D:1      | Reached XP level 1. HP: 17/17 MP: 1/1
   386 | D:1      | Reached XP level 2. HP: 24/25 MP: 2/2
   902 | D:1      | Reached skill level 4 in Crossbows
  1003 | D:2      | Learned a level 1 spell: Infusion
  1140 | D:2      | Reached XP level 3. HP: 29/31 MP: 3/3
  1809 | D:2      | Noticed Ijyb
  1850 | D:2      | Killed Ijyb
  1850 | D:2      | Reached XP level 4. HP: 38/38 MP: 2/4
  1880 | D:2      | Learned a level 2 spell: Song of Slaying
  2011 | D:3      | Noticed Terence
  2149 | D:3      | Found a glowing golden altar of the Shining One.
  2267 | D:3      | Reached skill level 1 in Charms
  2778 | D:3      | Reached skill level 1 in Dodging
  3012 | D:3      | HP: 1/39 [adder (5)]
  3012 | D:3      | Slain by an adder

Vault maps used:
D:1:      lemuel_arrival_broad_hall
D:2:      uniq_iyjb
D:3:      lemuel_coloured_pillars_altar, uniq_grinder, uniq_terence

Skill      XL: |  1  2  3  4 |
---------------+-------------+-----
Crossbows      | 4 |  4.3
Fighting       | 3 |  3.6
Charms         | 1 |  1.4
Dodging        | 1 |  1.1
Axes           | |  2.0
Stealth        | |  1.0
Evocations     | |  1.0

Action                   |  1- 3 |  4- 6 || total
-------------------------+-------+-------++-------
Melee: Club              |   283 |   154 ||   437
       Tailslap          |    24 |    16 ||    40
 Fire: Hand crossbow     |     1 |       ||     1
 Cast: Infusion          |     7 |    11 ||    18
  Use: Scroll            |     5 |     5 ||    10
       Potion            |     2 |     4 ||     6
 Stab: Sleeping          |       |     1 ||     1
  Eat: Chunk             |     4 |     3 ||     7
Armor: Skin              |   178 |    83 ||   261
Dodge: Dodged            |   229 |   117 ||   346
